 Dungeon Crawl Stone Soup version 0.27-a0-1149-g4505690ab0 (webtiles) character file.

Game seed: 12129773949782212706

29474 leviel the Severer (level 13, -2/96 HPs)
             Began as a Minotaur Monk on May 13, 2021.
             Slain by a five-headed hydra (10 damage)
             ... on level 3 of the Lair of Beasts.
             The game lasted 00:22:32 (16539 turns).

leviel the Severer (Minotaur Monk)                 Turns: 16539, Time: 00:22:33

Health: -2/96      AC: 29    Str: 28    XL:     13   Next: 15%
Magic:  12/12      EV:  9    Int:  7    God:
Gold:   291        SH:  5    Dex:  9    Spells: 12/12 levels left

rFire    . . .     SeeInvis .   q - +5 mace "Grim" {holy, rCorr Str+8 Dex-5 Stlth+}
rCold    . . .     Faith    .   (no shield)
rNeg     . . .     Spirit   .   z - +3 plate armour
rPois    +         Reflect  +   a - +2 hat {Will+}
rElec    .         Harm     .   r - +2 cloak {rPois}
rCorr    +         Rampage  .   e - +0 pair of gloves
Will     +....                  i - +0 pair of boots
Stlth    ..........             O - amulet of reflection
HPRegen  0.26/turn              c - +4 ring of slaying
MPRegen  0.13/turn              o - ring of flight

@: flying
A: horns 2, retaliatory headbutt
a: no special abilities


You were on level 3 of the Lair of Beasts.
You visited 3 branches of the dungeon, and saw 14 of its levels.

You collected 591 gold pieces.
You spent 300 gold pieces at shops.

Inventory:

Hand Weapons
 d - a +2 whip of flaming
 q - the +5 mace "Grim" (weapon) {holy, rCorr Str+8 Dex-5 Stlth+}
   (You found it on level 4 of the Dungeon)

   It has been blessed by the Shining One to cause great damage to the undead
   and demons.
   It affects your strength (+8).
   It affects your dexterity (-5).
   It protects you from acid and corrosion.
   It makes you more stealthy.
Missiles
 l - 54 poisoned darts (quivered)
 B - 4 throwing nets
 L - 2 atropa-tipped darts
Armour
 a - a +2 hat of willpower (worn)
 e - a +0 pair of gloves (worn)
 i - a +0 pair of boots (worn)
 r - a +2 cloak of poison resistance (worn)
 z - a +3 plate armour (worn)
Jewellery
 c - a +4 ring of slaying (left hand)
 f - a ring of ice
 k - a +4 ring of evasion
 o - a ring of flight (right hand)
 u - a ring of protection from fire
 y - a ring of poison resistance
 K - a ring of resist corrosion
 O - an amulet of reflection (around neck)
Wands
 m - a wand of charming (10)
 x - a wand of digging (5)
 A - a wand of acid (13)
 I - a wand of iceblast (7)
 J - a wand of flame (22)
Scrolls
 g - 6 scrolls of teleportation
 h - a scroll of identify {@r1}
 j - 3 scrolls of enchant weapon
 t - 2 scrolls of magic mapping
 w - 2 scrolls of immolation
 D - a scroll of amnesia
 E - 2 scrolls of fear
 N - a scroll of holy word
Potions
 b - a potion of brilliance
 p - 6 potions of curing
 F - a potion of cancellation
 G - 6 potions of haste
 H - a potion of ambrosia
 M - a potion of berserk rage
 P - a potion of mutation {unknown}
 Q - a potion of might {unknown}


   Skills:
 - Level 4.0 Fighting
 - Level 17.3(18.0) Axes
 - Level 9.3(14.3) Maces & Flails
 + Level 16.3 Armour
 - Level 3.6 Dodging
 - Level 1.6 Stealth


You had 12 spell levels left.
You didn't know any spells.
Your spell library contained the following spells:

 Spells                   Type           Power      Damage    Failure   Level
 Sandblast                Erth           0%         2d4       95%         1
 Summon Small Mammal      Summ           0%         N/A       95%         1
 Call Imp                 Summ           0%         N/A       98%         2
 Passwall                 Tmut/Erth      0%         N/A       98%         2
 Call Canine Familiar     Summ           0%         N/A       100%        3
 Stone Arrow              Conj/Erth      0%         3d7       100%        3
 Summon Guardian Golem    Hex/Summ       0%         N/A       100%        3
 Petrify                  Tmut/Erth      0%         N/A       100%        4
 Summon Ice Beast         Ice/Summ       0%         N/A       100%        4
 Summon Lightning Spire   Summ/Air       0%         N/A       100%        4
 Lee's Rapid Deconstruct  Erth           0%         3d5*      100%        5


Dungeon Overview and Level Annotations

Branches:
Dungeon (10/15)            Temple (1/1) D:5            Lair (3/6) D:8
  Snake (0/4) Lair:3          Orc (0/2) D:10
  Swamp: Lair:2-4    Shoals: Lair:2-4

Altars:
Ashenzari
Cheibriados
Dithmenos
Elyvilon
Fedhas
Gozag
Hepliaklqana
Kikubaaqudgha
Makhleb
Nemelex Xobeh
Okawaru
Qazlal
Ru
Sif Muna
Trog
Uskayaw
Vehumet
Wu Jian
Xom
Yredelemnul
Zin
The Shining One

Shops:
D:4 =   D:10 (


Innate Abilities, Weirdness & Mutations

You have a pair of horns on your head.
You reflexively headbutt those who attack you in melee.


Message History

You are engulfed in calcifying dust.
You are slowing down.
You sock the catoblepas!
You kill the catoblepas!
Your limbs are stiffening.
You sock the komodo dragon!
The komodo dragon is moderately wounded.
The blink frog blinks!
The komodo dragon bites you.
The blink frog blinks!
You completely miss the komodo dragon. You headbutt the komodo dragon!
The komodo dragon is severely wounded.
The komodo dragon bites you!
The komodo dragon bites you but does no damage.
You have turned to stone.
The komodo dragon bites you but does no damage.
The komodo dragon bites you.
* * * LOW HITPOINT WARNING * * *
The blink frog blinks!
The komodo dragon completely misses you.
The komodo dragon bites you but does no damage.
A five-headed hydra comes into view.
The komodo dragon bites you!!
* * * LOW HITPOINT WARNING * * *
The five-headed hydra roars!
You hear a bellow!
The blink frog blinks!
The komodo dragon bites you but does no damage.
You turn to flesh and can move again.
The komodo dragon hisses menacingly.
The blink frog blinks!
The komodo dragon bites you!
* * * LOW HITPOINT WARNING * * *
You see here a black mamba corpse.
The blink frog blinks!
The komodo dragon bites you but does no damage.
You see here a water moccasin skeleton.
The five-headed hydra bites you but does no damage.
You block the five-headed hydra's attack.
The five-headed hydra bites you but does no damage. x2
The five-headed hydra bites you!
You die...

##......# ..... ##.[...# ....
#.....# ## ##.## ###
##.....#♣♣.♣♣♣$.:♣♣♣.♣♣
#......#♣.≈.♣.≈≈≈.♣.≈.♣#♣.#
#P.....#.≈≈≈.#≈≈≈#.≈§≈†..♣
#......# ♣.≈†≈.♣.≈.♣#♣(#
##.....# ♣♣lD)♣♣♣.♣♣ #.....#
####♣♣@♣♣####
#.....#♣♣......÷....♣♣
#.....#♣.###########.♣#
#.....#..+....⌠....'..#
##.)...#♣.###########÷♣#
##......#♣♣...........♣♣ ##
#.#.....# ######.###### ### #>
##......# ♣♣♣.....♣♣♣ ♣≈♣ ♣♣.
##.....#♣♣♣..##'##††♣♣♣#♣≈♣♣♣♣≈≈


You could see a five-headed hydra and a komodo dragon.

Vanquished Creatures
  Gastronok (Lair:1)
  A catoblepas (Lair:3)
  4 hydras
  A death yak (Lair:3)
  A fire crab (Lair:3)
  Pikel (D:3)
  6 black mambas
  8 cane toads
  4 rime drakes (Lair:3)
  7 komodo dragons
  4 trolls
  A polar bear (Lair:3)
  Grinder (D:6)
  A hornet (D:8)
  A dream sheep (Lair:3)
  A slime creature (D:8)
  2 blink frogs (Lair:3)
  A wyvern (Lair:2)
  A vampire (D:8)
  A wraith (D:9)
  2 basilisks
  38 yaks
  10 water moccasins
  3 black bears
  An ice beast (D:2)
  9 orc warriors
  A sky beast (D:8)
  3 necrophages
  3 ogres
  9 wolves
  4 centaurs
  4 kobold brigands
  A lemure (D:3)
  3 phantoms
  9 bullfrogs
  A gnoll sergeant (D:7)
  2 scorpions
  A water moccasin skeleton (D:4)
  6 killer bees (D:8)
  5 wights (D:8)
  2 howler monkeys (D:8)
  3 electric eels
  2 bullfrog zombies
  3 centaur zombies
  5 orc priests
  A jelly (D:5)
  Crazy Yiuf (D:4)
  2 hounds (D:6)
  4 bullfrog skeletons
  2 centaur skeletons (D:7)
  3 iguanas (D:5)
  6 orc wizards
  A hell rat (Lair:3)
  A scorpion zombie (D:5)
  2 killer bee zombies
  A howler monkey zombie (D:9)
  9 gnolls
  5 adders
  2 worms (D:2)
  2 dart slugs
  30 orcs
  7 endoplasms
  2 giant cockroaches
  12 goblins
  8 hobgoblins
  5 jackals (D:4)
  21 kobolds
  5 quokkas
  9 ball pythons
  8 bats
  7 frilled lizards
  6 rats
340 creatures vanquished.

Vanquished Creatures (others)
  17 fungi
  67 plants
84 creatures vanquished.

Grand Total: 424 creatures vanquished

Notes
Turn   | Place    | Note
-------+----------+-------------------------------------------
     0 | D:1      | leviel the Minotaur Monk began the quest for the Orb.
     0 | D:1      | Reached XP level 1. HP: 19/19 MP: 0/0
    34 | D:1      | Reached XP level 2. HP: 15/27 MP: 1/1
   216 | D:1      | Reached skill level 4 in Axes
   468 | D:1      | Reached XP level 3. HP: 33/33 MP: 2/2
   944 | D:2      | Noticed an ice beast
  1388 | D:2      | Reached skill level 5 in Axes
  1530 | D:2      | Killed an ice beast
  1531 | D:2      | Reached skill level 6 in Axes
  1531 | D:2      | Reached XP level 4. HP: 40/40 MP: 3/3
  1531 | D:2      | Reached XP level 5. HP: 46/46 MP: 4/4
  2198 | D:3      | Reached skill level 7 in Axes
  2687 | D:4      | Noticed a lemure
  2690 | D:4      | Noticed Pikel
  2704 | D:3      | Killed a lemure
  2820 | D:4      | Noticed a lemure
  2820 | D:4      | Noticed a lemure
  2839 | D:3      | Killed Pikel
  2840 | D:3      | Reached skill level 9 in Axes
  2840 | D:3      | Reached XP level 6. HP: 25/52 MP: 5/5
  2840 | D:3      | Reached XP level 7. HP: 28/59 MP: 6/6
  3242 | D:4      | Found Pucologe's Jewellery Shop.
  3307 | D:4      | Reached skill level 10 in Axes
  3699 | D:4      | Found a blossoming altar of Fedhas.
  3764 | D:4      | Found a runed translucent door.
  3765 | D:4      | Identified the +5 mace "Grim" {holy, rCorr Str+8 Dex-5
                  | Stlth+}
  3765 | D:4      | Noticed Crazy Yiuf
  3773 | D:4      | Killed Crazy Yiuf
  4035 | D:5      | Entered Level 5 of the Dungeon
  4099 | D:5      | Reached skill level 11 in Axes
  4104 | D:5      | Reached XP level 8. HP: 60/66 MP: 7/7
  4118 | D:5      | Reached skill level 12 in Axes
  4171 | D:5      | Found an ornate altar of the Wu Jian Council.
  4459 | D:5      | Reached skill level 13 in Axes
  4462 | D:5      | Found a staircase to the Ecumenical Temple.
  4475 | Temple   | Entered the Ecumenical Temple
  4589 | D:5      | Found a glowing golden altar of the Shining One.
  4720 | D:5      | Reached XP level 9. HP: 71/71 MP: 8/8
  4901 | D:6      | Reached skill level 1 in Maces & Flails
  4923 | D:6      | Noticed Grinder
  4929 | D:6      | Killed Grinder
  5129 | D:6      | Reached skill level 14 in Axes
  6048 | D:7      | Reached skill level 5 in Maces & Flails
  6253 | D:7      | Identified the +1 leather armour of Lebbotav {rF+ Dex+4
                  | Stlth+}
  6254 | D:7      | Found a shimmering altar of Xom.
  6254 | D:7      | Found a shimmering altar of Xom.
  6254 | D:7      | Found a shimmering altar of Xom.
  6255 | D:7      | Found a shimmering altar of Xom.
  6256 | D:7      | Found a shimmering altar of Xom.
  6256 | D:7      | Found a shimmering altar of Xom.
  6256 | D:7      | Found a shimmering altar of Xom.
  6257 | D:7      | Found a shimmering altar of Xom.
  6257 | D:7      | Found a shimmering altar of Xom.
  6259 | D:7      | Found a shimmering altar of Xom.
  6294 | D:7      | Found a glowing silver altar of Zin.
  6658 | D:8      | Found a staircase to the Lair.
  6962 | D:8      | Found a bloodstained altar of Trog.
  7136 | D:8      | Reached skill level 15 in Axes
  7136 | D:8      | Reached XP level 10. HP: 57/78 MP: 9/9
  8911 | D:9      | Reached skill level 16 in Axes
  9383 | D:9      | Found a snail-covered altar of Cheibriados.
  9525 | D:10     | Entered Level 10 of the Dungeon
  9588 | D:10     | Found a staircase to the Orcish Mines.
  9601 | D:10     | Reached XP level 11. HP: 71/84 MP: 10/10
  9688 | D:10     | Reached skill level 17 in Axes
  9730 | D:10     | Reached skill level 1 in Armour
 10176 | D:10     | Reached skill level 5 in Armour
 10368 | D:10     | Found a stormy altar of Qazlal.
 10584 | D:10     | Found Arroeroh's Weapon Emporium.
 10828 | D:10     | Found a shadowy altar of Dithmenos.
 11015 | D:4      | Bought an amulet of reflection for 300 gold pieces
 11070 | Lair:1   | Entered Level 1 of the Lair of Beasts
 11070 | Lair:1   | Noticed Gastronok
 11105 | Lair:1   | Killed Gastronok
 11828 | Lair:1   | Noticed a seven-headed hydra
 11835 | Lair:1   | Killed a seven-headed hydra
 11836 | Lair:1   | Reached skill level 10 in Armour
 12244 | Lair:1   | Noticed a four-headed hydra
 12251 | Lair:1   | Killed a four-headed hydra
 12252 | Lair:1   | Reached XP level 12. HP: 76/91 MP: 11/11
 13448 | Lair:2   | You are sucked into a shaft and drop 1 floor!
 13450 | Lair:3   | Noticed a death yak
 13475 | Lair:3   | Killed a death yak
 14528 | Lair:3   | Found a staircase to the Snake Pit.
 15415 | Lair:3   | Reached skill level 15 in Armour
 15560 | Lair:3   | Noticed a catoblepas
 15560 | Lair:3   | Noticed a six-headed hydra
 15654 | Lair:3   | Killed a six-headed hydra
 15664 | Lair:3   | Noticed a boulder beetle
 15665 | Lair:3   | Noticed a catoblepas
 16170 | Lair:3   | Reached XP level 13. HP: 41/96 MP: 12/12
 16539 | Lair:3   | Slain by a five-headed hydra

Illustrated notes

Levels and vault maps discovered:
D:1:      dpeg_arrival_arbitrary_b, layout_rooms
D:2:      layout_basic, kennysheep_nub, minmay_pentomino_t2
D:3:      layout_basic
D:4:      layout_basic, fedhas_altar_4, minmay_shop_enchanted_jewellery,
          minmay_ruptured, uniq_pikel, uniq_crazy_yiuf_cottage
D:5:      layout_gridville, overflow_temple_1_default,
          minmay_temple_entry_sparse_star, minmay_ruined_shrine
D:6:      layout_rooms, st_stairs_7, uniq_grinder
D:7:      layout_cave_pools, kennysheep_mini, xom_shifter_show
D:8:      layout_rooms, trog_hazing_becter, lair_entry_dummy,
          minmay_shattered_shrine
D:9:      layout_small_grid, lemuel_doored_altar, kennysheep_doodads,
          chequers_serial_rivers_small_3
D:10:     layout_irregular_city, nicolae_dithmenos_through_a_glass_darkly,
          grunt_qazlal_clouds, david_orc_3, serial_shops,
          nicolae_shop_statue_plus
Temple:   eino_temple_lava
Lair:1:   layout_gridlike, serial_bayou_shore_a, uniq_gastronok
Lair:2:   layout_regular_city, chequers_serial_rivers_room_a
Lair:3:   nzn_winding_woodlands_huge [nzn_winding_woodlands_5x15_crooked,
          nzn_winding_woodlands_5x15_default, nzn_winding_woodlands_5x15_garden,
          nzn_winding_woodlands_5x15_eye, nzn_winding_woodlands_5x15_twine,
          nzn_winding_woodlands_5x15_pockets, nzn_winding_woodlands_5x15_jagged,
          nzn_winding_woodlands_5x15_lazy_stream,
          nzn_winding_woodlands_5x15_cabin,
          nzn_winding_woodlands_5x15_longhouse,
          nzn_winding_woodlands_center_triple_pond,
          nzn_winding_woodlands_center_garden,
          nzn_winding_woodlands_15x15_five_gardens], layout_chaotic_city

Skill      XL: |  1  2  3  4  5  6  7  8  9 10 11 12 13 |
---------------+----------------------------------------+-----
Axes           | 4 6 9 11 13 15 16 17 | 17.3
Fighting       | 4 |  4.0
Maces & Flails | 6 9 |  9.3
Armour         | 11 15 16 | 16.3
Dodging        | |  3.6
Stealth        | |  1.6

Action                   |  1- 3 |  4- 6 |  7- 9 | 10-12 | 13-15 || total
-------------------------+-------+-------+-------+-------+-------++-------
Melee: Hand axe          |    93 |    51 |       |       |       ||   144
       Headbutt          |    20 |     8 |    47 |   142 |    14 ||   231
       Whip              |       |       |    34 |       |       ||    34
       Mace              |       |       |   185 |   591 |    38 ||   814
Throw: Dart              |       |       |       |     5 |       ||     5
  Use: Scroll            |     5 |     1 |       |    18 |       ||    24
       Potion            |     1 |     2 |       |     1 |     1 ||     5
 Stab: Sleeping          |     2 |       |     4 |       |       ||     6
       Petrified         |       |       |       |     3 |       ||     3
Armor: Robe              |    14 |       |       |       |       ||    14
       Skin              |     8 |       |       |       |       ||     8
       Ring mail         |     6 |    15 |    68 |       |       ||    89
       Plate armour      |       |       |    49 |   338 |    36 ||   423
Dodge: Dodged            |    46 |    17 |    98 |   177 |     7 ||   345
Block: Other             |       |       |       |    63 |    10 ||    73

Table legend: (Time is in decaauts)
 A = Elapsed time spent in this place.
 B = Non-inter-level travel time spent in this place.
 C = Inter-level travel time spent in this place.
 D = Time resting spent in this place.
 E = Time spent auto-exploring this place.
 F = Levels seen in this place.
 G = Mean time per level.
                   A        B        C        D        E       F      G
               +--------+--------+--------+--------+--------+-----+--------+
         Total |  16363 |  15747 |    616 |   4119 |   9712 |  14 | 1168.8 |
       Dungeon |  11190 |  10638 |    552 |   2819 |   6507 |  10 | 1119.0 |
        Temple |     71 |     71 |      0 |      0 |     62 |   1 |   71.0 |
          Lair |   5101 |   5037 |     64 |   1300 |   3143 |   3 | 1700.3 |
               +--------+--------+--------+--------+--------+-----+--------+

Top non-repeatable levels by time:
  Lair:3: 2716 daAuts
     D:8: 2424 daAuts
    D:10: 1329 daAuts
     D:3: 1259 daAuts
  Lair:2: 1235 daAuts
  Lair:1: 1149 daAuts
     D:1: 1140 daAuts
     D:6: 1038 daAuts
     D:4: 939 daAuts
     D:5: 834 daAuts
     D:2: 765 daAuts
     D:7: 740 daAuts
     D:9: 716 daAuts
  Temple: 71 daAuts
